 Dungeon Crawl Stone Soup version 0.32-a0-136-gc02482bde3 (webtiles) character file.

Game seed: 10605642916107397176

770 ragingrage the Magician (level 8, 0/58 HPs)
             Began as a Djinni Artificer on Feb 10, 2024.
             Was an Initiate of Ru.
             Killed from afar by Dowan (25 damage)
             ... with a shard of ice
             ... on level 5 of the Dungeon.
             The game lasted 00:07:06 (5560 turns).

ragingrage the Magician (Djinni Artificer)          Turns: 5560, Time: 00:07:06

Health: 0/58       AC:  4    Str: 11    XL:     8   Next: 9%
Gold:   271        EV: 12    Int: 21    God:    Ru [......] SH:  0 Dex: 14

rFire   + + .        a - +1 short sword (drain)
rCold   x . .        (no shield)
rNeg    . . .        b - +0 leather armour
rPois   ∞            (no helmet)
rElec   .            (no cloak)
rCorr   .            B - +0 pair of gloves
SInv    .            (boots unavailable)
Will    .....        (no amulet)
Stlth   ++           E - +6 ring of intelligence
HPRegen 0.29/turn    (no ring)
MPRegen 0.00/turn

%: infuse magic (-1 HP)
@: freezing walls, flying
A: sickness immunity, fire resistance 2, cold vulnerability 1, float, innate
caster, HP casting, extra vitality 1
a: Renounce Religion


You were on level 5 of the Dungeon.
You worshipped Ru.
Ru was noncommittal.
You visited 1 branch of the dungeon, and saw 5 of its levels.
You also visited: Sewer.

You collected 361 gold pieces.
You spent 90 gold pieces at shops.

Inventory:

Hand Weapons
 a - a +1 short sword of draining (weapon)
 f - a +0 hand axe
 z - a +1 dagger of speed
Missiles
 y - 2 poisoned darts
Armour
 b - a +0 leather armour (worn)
 B - a +0 pair of gloves (worn)
Jewellery
 E - a +6 ring of intelligence (left hand)
Wands
 c - a wand of flame (9)
 d - a wand of charming (15)
 e - a wand of iceblast (5)
Scrolls
 g - 2 scrolls of teleportation
 h - a scroll of enchant weapon
 k - a scroll of blinking {unknown}
 m - a scroll of enchant armour {unknown}
 n - 4 scrolls of noise
 o - a scroll of fear {unknown}
 p - a scroll of torment {unknown}
 s - a scroll of immolation {unknown}
 u - a scroll of fog {unknown}
 D - a scroll of summoning
Potions
 i - 2 potions of enlightenment
 j - 3 potions of might
 l - 4 potions of attraction {unknown}
 q - 3 potions of curing
 r - a potion of lignification {unknown}
 t - a potion of resistance {unknown}
 v - a potion of berserk rage {unknown}
 w - 2 potions of mutation {unknown}
 x - 3 potions of magic {unknown}
 A - a potion of brilliance {unknown}
 C - a potion of heal wounds {unknown}


   Skills:
 - Level 4.0 Fighting
 + Level 0.7 Short Blades
 - Level 1.0 Armour
 - Level 2.1 Dodging
 - Level 2.0 Stealth
 * Level 5.2 Spellcasting
 * Level 5.2 Conjurations
 * Level 5.2 Hexes
   Level 0.0 Charms
 * Level 5.2 Summonings
 * Level 5.2 Necromancy
 * Level 5.2 Translocations
   Level 0.0 Transmutations
 * Level 5.2 Fire Magic
 * Level 5.2 Ice Magic
 * Level 5.2 Air Magic
 * Level 5.2 Earth Magic
 * Level 5.2 Alchemy
 - Level 3.0 Evocations


You knew the following spells:

 Your Spells              Type           Power      Damage    Failure   Level
a - Magic Dart            Conj           100%       1d8       1%          1
b - Call Imp              Summ           54%        N/A       2%          2
c - Frozen Ramparts       Ice            54%        1d9       4%          3
Your spell library was empty.

Dungeon Overview and Level Annotations

Branches:
Dungeon (5/15)              Sewer (visited)
 Temple: D:4-7

Altars:
Ru
Uskayaw
Zin

Annotations:
D:5 Dowan, Pikel


Innate Abilities, Weirdness & Mutations

You are immune to sickness and miasma.
You are immune to poison.
Your flesh is very heat resistant. (rF++)
You are vulnerable to cold. (rC-)
You float through the air rather than walking.
You learn spells naturally, not from books.
Your magical power is your life essence.
You have superior vitality. (+4 MHP)


Message History

You barely miss Duvessa. Duvessa barely misses you.
Your cerulean imp hits Dowan with a -2 spear.
Dowan casts a spell at you.
The puff of frost hits your cerulean imp!
Your cerulean imp dies!
Your cerulean imp disappears in a puff of smoke!
You barely miss Duvessa.
Duvessa hits you with a +2 vampiric short sword.
Duvessa barely misses you.
You hit Duvessa. You drain Duvessa. Duvessa misses you.
Dowan says, "Where the sword fails, magic succeeds!"
Dowan closely misses you.
Casting: Frozen Ramparts (dangerous; 4% risk of failure)
A tiny devil pulls itself out of the air.
Duvessa hits you with a +2 vampiric short sword.
Duvessa misses you. Dowan hits you but does no damage.
Unknown command.
You closely miss Duvessa. Duvessa barely misses you.
Dowan hits you with a +0 dagger.
You hit Duvessa. Duvessa hits you but does no damage.
Your cerulean imp hits Duvessa but does no damage.
Duvessa closely misses your cerulean imp.
Dowan barely misses you.
You hit Duvessa. You punch Duvessa, but do no damage.
Your cerulean imp barely misses Duvessa.
Duvessa hits you with a +2 vampiric short sword!
Dowan hits you with a +0 dagger.
Casting: Call Imp (safe; 2% risk of failure)
Casting: Frozen Ramparts (dangerous; 4% risk of failure)
Press: ? - help, Dir - look around, f - activate The walls around you are covered in ice.
The wall freezes Duvessa.
You kill Duvessa!
Dowan seems overcome with grief.
Dowan seems to find hidden reserves of power!
Your cerulean imp closely misses Dowan.
The wall freezes Dowan.
Dowan casts a spell at you. The shard of ice hits you!!
You feel a painful chill!
You die...
Ru respects your ultimate sacrifice.

#........# #........# ..
#........# ..###........#
.........##### ##.......#
. .........##### ...
.........(...#######?....
...............5@e.......
..........<..#######.....
........###........ ...
....##### #........ .
.... #........ ###
#........ #########


You could see Dowan (fast, ally target) and a friendly cerulean imp (summoned).

Vanquished Creatures
  Duvessa (D:5)
  A black bear (D:4)
  A sky beast (D:4)
  A crocodile (Sewer)
  3 lemures (D:4)
  A kobold brigand (Sewer)
  A howler monkey (D:4)
  2 bombardier beetles
  An orc priest (D:4)
  An iguana (D:4)
  2 river rats (Sewer)
  8 adders
  2 ufetubi (D:3)
  2 dart slugs (D:4)
  9 ribbon worms
  9 orcs
  9 endoplasms
  3 giant cockroaches
  3 goblins
  6 hobgoblins
  9 jackals
  6 quokkas
  4 ball pythons
  11 bats
  A frilled lizard (D:3)
  11 kobolds
  13 rats
121 creatures vanquished.

Vanquished Creatures (collateral kills)
  An orc priest (D:3)
  A ribbon worm (Sewer)
  2 orcs (D:4)
  An endoplasm (Sewer)
  A kobold (Sewer)
6 creatures vanquished.

Grand Total: 127 creatures vanquished

Notes
Turn   | Place    | Note
-------+----------+-------------------------------------------
     0 | D:1      | ragingrage the Djinni Artificer began the quest for the
                  | Orb.
     0 | D:1      | Reached XP level 1. HP: 17/17 MP: 0/0
   121 | D:1      | Reached skill level 1 in Stealth
   273 | D:1      | Reached XP level 2. HP: 11/22 MP: 0/0
   451 | D:1      | Found a faded altar of an unknown god.
   873 | D:1      | Reached XP level 3. HP: 24/28 MP: 0/0
   873 | D:1      | Learned a level 1 spell: Magic Dart
  1555 | D:2      | Reached XP level 4. HP: 30/33 MP: 0/0
  1597 | D:2      | Reached skill level 1 in Spellcasting
  1597 | D:2      | Reached skill level 1 in Conjurations
  1597 | D:2      | Reached skill level 1 in Hexes
  1597 | D:2      | Reached skill level 1 in Summonings
  1597 | D:2      | Reached skill level 1 in Necromancy
  1597 | D:2      | Reached skill level 1 in Translocations
  1597 | D:2      | Reached skill level 1 in Fire Magic
  1597 | D:2      | Reached skill level 1 in Ice Magic
  1597 | D:2      | Reached skill level 1 in Air Magic
  1597 | D:2      | Reached skill level 1 in Earth Magic
  1597 | D:2      | Reached skill level 1 in Alchemy
  1934 | D:3      | Reached XP level 5. HP: 37/39 MP: 0/0
  1934 | D:3      | Learned a level 2 spell: Call Imp
  2038 | D:3      | Found Zin's Purification Station.
  2040 | D:3      | Found a glowing silver altar of Zin.
  2046 | D:3      | Bought a potion of curing for 90 gold pieces
  2096 | D:3      | Found a glowing drain.
  2104 | Sewer    | Entered a sewer
  2352 | Sewer    | Noticed a crocodile
  2363 | Sewer    | Killed a crocodile
  2364 | Sewer    | Reached XP level 6. HP: 29/46 MP: 0/0
  3195 | D:3      | Reached XP level 7. HP: 50/50 MP: 0/0
  3195 | D:3      | Learned a level 3 spell: Frozen Ramparts
  3597 | D:4      | Found a hide-covered altar of Uskayaw.
  3858 | D:4      | Reached skill level 5 in Spellcasting
  3858 | D:4      | Reached skill level 5 in Conjurations
  3858 | D:4      | Reached skill level 5 in Hexes
  3858 | D:4      | Reached skill level 5 in Summonings
  3858 | D:4      | Reached skill level 5 in Necromancy
  3858 | D:4      | Reached skill level 5 in Translocations
  3858 | D:4      | Reached skill level 5 in Fire Magic
  3858 | D:4      | Reached skill level 5 in Ice Magic
  3858 | D:4      | Reached skill level 5 in Air Magic
  3858 | D:4      | Reached skill level 5 in Earth Magic
  3858 | D:4      | Reached skill level 5 in Alchemy
  4288 | D:4      | Reached XP level 8. HP: 54/58 MP: 0/0
  4318 | D:4      | Found a sacrificial altar of Ru.
  4341 | D:4      | Became a worshipper of Ru the Awakened
  4995 | D:5      | Entered Level 5 of the Dungeon
  4995 | D:5      | Noticed Pikel
  5304 | D:5      | Noticed Dowan
  5304 | D:5      | Noticed Duvessa
  5560 | D:5      | Killed Duvessa
  5560 | D:5      | Killed from afar by Dowan

Illustrated notes

Levels and vault maps discovered:
D:1:      sevenhm_arrival_forest_fort_small_4, layout_loops_corners,
          shapermc_ecumenical_altar_mp_vishouse, minmay_tetromino_l2
D:2:      layout_basic, chequers_serial_rivers_room_a
D:3:      layout_loops_ring, zin_purify, gup_sewer_entry_bowl, minivault_23,
          minmay_box_of_dots
D:4:      cheibrodos_quashed, layout_loops_ring,
          mainiacjoe_overflow_cross_hatched, eat_drink_and_be_merry_uskayaw,
          minmay_door_square, minmay_stone_trees_medium,
          guppyfry_early_lair_pool
D:5:      minmay_chambers_of_threes, layout_basic, kennysheep_mini,
          kennysheep_diamond, minmay_small_thing, uniq_duvessa, uniq_pikel

Skill      XL: |  1  2  3  4  5  6  7  8 |
---------------+-------------------------+-----
Stealth        | 1 2 |  2.0
Fighting       | 2 3 4 |  4.0
Spellcasting   | 1 3 4 5 |  5.2
Conjurations   | 1 3 4 5 |  5.2
Hexes          | 1 3 4 5 |  5.2
Summonings     | 1 3 4 5 |  5.2
Necromancy     | 1 3 4 5 |  5.2
Translocations | 1 3 4 5 |  5.2
Fire Magic     | 1 3 4 5 |  5.2
Ice Magic      | 1 3 4 5 |  5.2
Air Magic      | 1 3 4 5 |  5.2
Earth Magic    | 1 3 4 5 |  5.2
Alchemy        | 1 3 4 5 |  5.2
Short Blades   | |  0.7
Armour         | |  1.0
Dodging        | |  2.1
Evocations     | |  3.0

Action                     |  1- 3 |  4- 6 |  7- 9 || total
---------------------------+-------+-------+-------++-------
  Melee: Hand axe          |   144 |   242 |       ||   386
         Club              |    14 |       |       ||    14
         Punch             |     2 |    20 |     9 ||    31
         Short sword       |       |     3 |   128 ||   131
   Cast: Magic Dart        |     1 |       |     2 ||     3
         Call Imp          |       |     4 |    14 ||    18
         Frozen Ramparts   |       |       |    13 ||    13
  Evoke: Wand              |       |     6 |       ||     6
    Use: Scroll            |       |     5 |     2 ||     7
   Stab: Sleeping          |     2 |     6 |     2 ||    10
         Distracted        |       |     2 |       ||     2
 Armour: Leather armour    |   128 |   162 |    81 ||   371
  Dodge: Dodged            |   105 |   191 |    83 ||   379

Table legend: (Time is in decaauts)
 A = Elapsed time spent in this place.
 B = Non-inter-level travel time spent in this place.
 C = Inter-level travel time spent in this place.
 D = Time resting spent in this place.
 E = Time spent auto-exploring this place.
 F = Levels seen in this place.
 G = Mean time per level.
                   A        B        C        D        E       F      G
               +--------+--------+--------+--------+--------+-----+--------+
         Total |   5699 |   5454 |    245 |   1067 |   2786 |   6 |  949.8 |
       Dungeon |   4779 |   4534 |    245 |    839 |   2458 |   5 |  955.8 |
         Sewer |    920 |    920 |      0 |    228 |    328 |   1 |  920.0 |
               +--------+--------+--------+--------+--------+-----+--------+

Top non-repeatable levels by time:
     D:4: 1685 daAuts
     D:1: 1288 daAuts
     D:3: 1035 daAuts
   Sewer: 920 daAuts
     D:2: 569 daAuts
     D:5: 200 daAuts
